 Dungeon Crawl Stone Soup version 0.31-a0-355-g57cb03d3e8 (webtiles) character file.

Game seed: 11469494168190348471

498 cforsyth the Charlatan (level 7, 0/52 HPs)
             Began as a Gnoll Artificer on July 24, 2023.
             Slain by an ogre
             ... wielding a +0 giant spiked club
              (29 damage)
             ... on level 4 of the Dungeon.
             The game lasted 00:05:22 (3271 turns).

cforsyth the Charlatan (Gnoll Artificer)            Turns: 3271, Time: 00:05:22

Health: 0/52       AC: 12    Str: 15    XL:     7   Next: 16%
Magic:  10/10      EV: 13    Int: 10    God:
Gold:   169        SH:  0    Dex: 13    Spells: 10/10 levels left

rFire   . . .        r - +4 short sword "Uwymimny" {protect, rN+ rCorr}
rCold   . . .        (no shield)
rNeg    + . .        B - +2 robe "Oloschimiu" {Str+2}
rPois   .            (no helmet)
rElec   .            t - +0 cloak {Stlth+}
rCorr   +            (no gloves)
SInv    .            (no boots)
Will    .....        (no amulet)
Stlth   +++          s - ring of flight
HPRegen 0.28/turn    (no ring)
MPRegen 0.12/turn

%: no passive effects
@: under a protective aura, flying
A: fangs 1, strong nose, distributed training
a: no special abilities


You were on level 4 of the Dungeon.
You visited 1 branch of the dungeon, and saw 4 of its levels.

You collected 169 gold pieces.

Inventory:

Hand Weapons
 a - a +0 club
 n - a +0 whip of electrocution
 r - the +4 short sword "Uwymimny" (weapon) {protect, rN+ rCorr}
   (You found it on level 2 of the Dungeon)

   rN:        It protects you from negative energy.
   rCorr:     It protects you from acid and corrosion.
Missiles
 y - a throwing net
Armour
 b - a +0 leather armour
 q - a +0 cloak
 t - a +0 cloak of stealth (worn)
 B - the +2 robe "Oloschimiu" (worn) {Str+2}
   (You found it on level 4 of the Dungeon)

   Str:       It affects your strength (+2).
Jewellery
 s - a ring of flight (left hand)
Wands
 c - a wand of flame (3) (quivered)
 d - a wand of charming (15)
 e - a wand of iceblast (4)
Scrolls
 f - a scroll of torment {unknown}
 g - 3 scrolls of fear {unknown}
 i - 4 scrolls of identify {unknown}
 k - a scroll of enchant armour {unknown}
 l - a scroll of fog {unknown}
 m - 2 scrolls of teleportation {unknown}
 o - a scroll of enchant weapon {unknown}
 z - 5 scrolls of revelation {unknown}
Potions
 h - a potion of heal wounds {unknown}
 j - a potion of degeneration {unknown}
 p - 2 potions of curing {unknown}
 u - a potion of enlightenment {unknown}
 v - a potion of might {unknown}
 w - a potion of lignification {unknown}
 x - 2 potions of ambrosia {unknown}
 A - a potion of attraction {unknown}


   Skills:
 + Level 3.5 Fighting
 + Level 2.3 Short Blades
 + Level 2.3 Long Blades
 + Level 2.3 Axes
 + Level 2.3 Maces & Flails
 + Level 2.3 Polearms
 + Level 2.3 Staves
 + Level 2.3 Ranged Weapons
 + Level 2.3 Throwing
 + Level 5.2 Armour
 + Level 3.5 Dodging
 + Level 3.3 Stealth
 + Level 2.3 Shields
 + Level 2.3 Unarmed Combat
 + Level 2.3 Spellcasting
 + Level 1.9 Conjurations
 + Level 1.9 Hexes
 + Level 1.9 Summonings
 + Level 1.9 Necromancy
 + Level 1.9 Translocations
 + Level 1.9 Transmutations
 + Level 1.9 Fire Magic
 + Level 1.9 Ice Magic
 + Level 1.9 Air Magic
 + Level 1.9 Earth Magic
 + Level 1.9 Poison Magic
 + Level 2.6 Invocations
 + Level 7.0 Evocations
 + Level 1.9 Shapeshifting


You had 10 spell levels left.
You didn't know any spells.
Your spell library contained the following spells:

 Spells                   Type           Power      Damage    Failure   Level
 Magic Dart               Conj           20%        1d4       14%         1
 Searing Ray              Conj           10%        2d4       21%         2
 Fulminant Prism          Conj/Hex       2%         3d5       80%         4


Dungeon Overview and Level Annotations

Branches:
Dungeon (4/15)             Temple (0/1) D:4

Altars:
Fedhas
Sif Muna
Trog
The Shining One


Innate Abilities, Weirdness & Mutations

You have very sharp teeth.
Your uncanny sense of smell can sniff out nearby items.
Your experience applies equally to all skills.


Message History

You feel stronger.
Unknown command.
You now have 169 gold pieces (gained 7).
There is an open door here.
Key pressed, stopping explore.
You see here a quokka skeleton.
There is a stone staircase leading up here.
Found an escape hatch in the ceiling.
Found an escape hatch in the floor.
Found a stone staircase leading down.
z - 5 scrolls labelled ORIENE IPIM (gained 3)
You reach down and open the door.
Found a glowing golden altar of the Shining One.
There is an open door here.
There is an open door here.
A kobold comes into view. It is wielding a +0 dagger.
The kobold shouts!
An ogre comes into view. It is wielding a +0 giant spiked club.
The kobold barely misses you.
You hit the kobold.
Your weapon exudes an aura of protection.
You kill the kobold!
You hit the ogre.
The ogre is moderately wounded.
The ogre hits you with a +0 giant spiked club!
You hit the ogre.
The ogre is heavily wounded.
You hit the ogre.
The ogre is heavily wounded.
The ogre hits you but does no damage.
You hit the ogre.
The ogre is severely wounded.
The ogre hits you with a +0 giant spiked club!
You hit the ogre. Your bite misses the ogre.
The ogre is almost dead.
You completely miss the ogre. You bite the ogre.
The ogre is almost dead.
The ogre hits you with a +0 giant spiked club!!
Ouch! That really hurt!
You die...

###########.#####.###..###...#...
...............##.# #........+...
...............##.####.####'####.
.......................##♣...♣##>
############...#######.##.....##.
...........#...# #.##♣...♣##.
..)........#...# ####.....##.
#>########.#...############_####.
...(.....#####).@O.....# #######
........##...##.....##########.#
....((.##(.~≈.##....#####.#..#.##
######.##≈≈≈..##.......##.#..#...
#....'....[.._##....##<##.#..#...
#....#.##≈≈≈..#####.##.##....#..#
#....#.##(.~≈.### ###.#..##.....
#....#..##...##.# ####.#.#####..#
######...#####..###......# #...


You could see an ogre.

Vanquished Creatures
  Edmund (D:4)
  A hound (D:3)
  3 orc priests (D:3)
  Crazy Yiuf (D:2)
  Terence (D:2)
  Natasha (thrice) (D:2)
  An orc wizard (D:3)
  3 adders
  2 dart slugs (D:2)
  7 orcs
  4 ball pythons
  7 bats
  3 endoplasms
  3 giant cockroaches
  8 goblins
  8 hobgoblins
  7 jackals
  3 kobolds (D:4)
  4 quokkas
  A frilled lizard (D:3)
  2 rats
73 creatures vanquished.

Notes
Turn   | Place    | Note
-------+----------+-------------------------------------------
     0 | D:1      | cforsyth the Gnoll Artificer began the quest for the Orb.
     0 | D:1      | Reached XP level 1. HP: 17/17 MP: 1/1
    88 | D:1      | Reached XP level 2. HP: 3/23 MP: 2/2
   585 | D:2      | Noticed Natasha
   592 | D:2      | Killed Natasha
   593 | D:2      | Reached skill level 1 in Invocations
   593 | D:2      | Reached XP level 3. HP: 17/28 MP: 2/4
   596 | D:2      | Reached skill level 1 in Short Blades
   596 | D:2      | Reached skill level 1 in Long Blades
   596 | D:2      | Reached skill level 1 in Axes
   596 | D:2      | Reached skill level 1 in Maces & Flails
   596 | D:2      | Reached skill level 1 in Polearms
   596 | D:2      | Reached skill level 1 in Staves
   596 | D:2      | Reached skill level 1 in Ranged Weapons
   596 | D:2      | Reached skill level 1 in Throwing
   596 | D:2      | Reached skill level 1 in Shields
   596 | D:2      | Reached skill level 1 in Unarmed Combat
   596 | D:2      | Reached skill level 1 in Spellcasting
   777 | D:2      | Reached XP level 4. HP: 29/34 MP: 5/5
   881 | D:2      | Noticed Natasha
   891 | D:2      | Identified the +4 short sword "Uwymimny" {protect, rN+
                  | rCorr}
   894 | D:2      | Killed Natasha
   895 | D:2      | Reached skill level 1 in Conjurations
   895 | D:2      | Reached skill level 1 in Hexes
   895 | D:2      | Reached skill level 1 in Summonings
   895 | D:2      | Reached skill level 1 in Necromancy
   895 | D:2      | Reached skill level 1 in Translocations
   895 | D:2      | Reached skill level 1 in Transmutations
   895 | D:2      | Reached skill level 1 in Fire Magic
   895 | D:2      | Reached skill level 1 in Ice Magic
   895 | D:2      | Reached skill level 1 in Air Magic
   895 | D:2      | Reached skill level 1 in Earth Magic
   895 | D:2      | Reached skill level 1 in Poison Magic
   895 | D:2      | Reached skill level 1 in Shapeshifting
  1037 | D:2      | Noticed Natasha
  1047 | D:2      | Killed Natasha
  1048 | D:2      | Reached XP level 5. HP: 38/40 MP: 5/7
  1073 | D:2      | Noticed Terence
  1095 | D:2      | Killed Terence
  1482 | D:2      | Found a runed translucent door.
  1483 | D:2      | Noticed Crazy Yiuf
  1490 | D:2      | Killed Crazy Yiuf
  1586 | D:3      | HP: 1/41 [orc wizard/magic dart (6)]
  1590 | D:3      | Reached XP level 6. HP: 2/47 MP: 8/8
  1787 | D:3      | Reached skill level 5 in Armour
  1983 | D:3      | Found a shimmering blue altar of Sif Muna.
  2574 | D:4      | Noticed Edmund
  2589 | D:4      | Killed Edmund
  2590 | D:4      | Reached skill level 7 in Evocations
  2590 | D:4      | Reached XP level 7. HP: 35/52 MP: 10/10
  2702 | D:4      | Found a bloodstained altar of Trog.
  2814 | D:4      | Found a blossoming altar of Fedhas.
  2956 | D:4      | Found a staircase to the Ecumenical Temple.
  2971 | D:4      | Identified the +2 robe "Oloschimiu" {Str+2}
  3239 | D:4      | Found a glowing golden altar of the Shining One.
  3271 | D:4      | Slain by an ogre

Illustrated notes

Levels and vault maps discovered:
D:1:      onia_arrival_mini_spirals, layout_rooms
D:2:      layout_basic, uniq_natasha, uniq_crazy_yiuf_cottage, uniq_terence
D:3:      layout_loops_ring, kennysheep_orc_sif_temple
D:4:      layout_basic, trog_hazing_becter, tso_altar,
          mainiacjoe_overflow_alcove_4, minmay_temple_entry_purple_smoke,
          uniq_edmund

Skill      XL: |  1  2  3  4  5  6 |
---------------+-------------------+-----
Invocations    | 1 2 |  2.6
Short Blades   | 1 2 |  2.3
Long Blades    | 1 2 |  2.3
Axes           | 1 2 |  2.3
Maces & Flails | 1 2 |  2.3
Polearms       | 1 2 |  2.3
Staves         | 1 2 |  2.3
Ranged Weapons | 1 2 |  2.3
Throwing       | 1 2 |  2.3
Shields        | 1 2 |  2.3
Unarmed Combat | 1 2 |  2.3
Spellcasting   | 1 2 |  2.3
Conjurations   | 1 |  1.9
Hexes          | 1 |  1.9
Summonings     | 1 |  1.9
Necromancy     | 1 |  1.9
Translocations | 1 |  1.9
Transmutations | 1 |  1.9
Fire Magic     | 1 |  1.9
Ice Magic      | 1 |  1.9
Air Magic      | 1 |  1.9
Earth Magic    | 1 |  1.9
Poison Magic   | 1 |  1.9
Shapeshifting  | 1 |  1.9
Fighting       | 3 |  3.5
Dodging        | 3 |  3.5
Stealth        | 3 |  3.3
Armour         | 5 |  5.2
Evocations     | 7 |  7.0

Action                     |  1- 3 |  4- 6 |  7- 9 || total
---------------------------+-------+-------+-------++-------
  Melee: Club              |    47 |       |       ||    47
         Bite              |     9 |    12 |     6 ||    27
         Whip              |    46 |    11 |       ||    57
         Punch             |     1 |     3 |     2 ||     6
         Short sword       |       |   110 |    67 ||   177
  Evoke: Wand              |       |    13 |       ||    13
   Stab: Sleeping          |     1 |     2 |       ||     3
 Armour: Leather armour    |    35 |    46 |    24 ||   105
         Robe              |       |       |     1 ||     1
         Skin              |       |       |     1 ||     1
  Dodge: Dodged            |    72 |    58 |    44 ||   174

Table legend: (Time is in decaauts)
 A = Elapsed time spent in this place.
 B = Non-inter-level travel time spent in this place.
 C = Inter-level travel time spent in this place.
 D = Time resting spent in this place.
 E = Time spent auto-exploring this place.
 F = Levels seen in this place.
 G = Mean time per level.
                   A        B        C        D        E       F      G
               +--------+--------+--------+--------+--------+-----+--------+
         Total |   3269 |   3224 |     45 |      0 |   2509 |   4 |  817.2 |
       Dungeon |   3269 |   3224 |     45 |      0 |   2509 |   4 |  817.2 |
               +--------+--------+--------+--------+--------+-----+--------+

Top non-repeatable levels by time:
     D:3: 994 daAuts
     D:2: 977 daAuts
     D:4: 696 daAuts
     D:1: 600 daAuts
